 Dungeon Sprint DCSS version 0.31-a0-876-gfe8ebadbca (webtiles) character file.

Game seed: 12735677146918969165

1803 sircluck the Grappler (level 8, -6/93 HPs)
             Began as a Troll Berserker on Oct 13, 2023.
             Was a High Priest of Trog.
             Mangled by Erolcha
             ... wielding a +0 giant spiked club
              (34 damage)
             ... in the Dungeon (Sprint III: "The Ten Rune Challenge").
             The game lasted 00:00:57 (431 turns).

sircluck the Grappler (Troll Berserker)              Turns: 431, Time: 00:00:58

Health: -6/93      AC:  4    Str: 31    XL:     8   Next: 83%
Magic:  7/7        EV: 11    Int:  6    God:    Trog [*****.]
Gold:   38         SH:  0    Dex:  7    Spells: 7/7 levels left

rFire   . .          .
                       - Unarmed
rCold   . . .        (no shield)
rNeg    . . .        a - +0 animal skin
rPois   .            (helmet restricted)
rElec   .            (no cloak)
rCorr   .            (gloves unavailable)
SInv    .            (boots unavailable)
Will    .....        (no amulet)
Stlth   +            (no ring)
HPRegen 1.15/turn    (no ring)
MPRegen 0.10/turn

%: no teleportation
@: no status effects
A: large, unfitting armour, claws 3, regeneration 1, shaggy fur 1, tough skin 1,
clever 1, strong 1
a: Renounce Religion, Berserk, Trog's Hand, Brothers in Arms


You were in the Dungeon.
You worshipped Trog.
Trog was extremely pleased with you.
You visited 1 branch You collected 38 gold pieces.

Inventory:

Armour
 a - a +0 animal skin (worn)
Wands
 n - a wand of flame (18)
 o - a wand of charming (9)
Scrolls
 g - a scroll of blinking
 i - a scroll of torment {unknown}
 j - 3 scrolls of identify
 l - a scroll of poison {unknown}
Potions
 b - a potion of curing
 c - 2 potions of heal wounds
 d - a potion of haste
 e - 2 potions of magic
 f - a potion of berserk rage
 h - 3 potions of mutation
 k - 2 potions of enlightenment
 m - a potion of degeneration {unknown}


   Skills:
 + Level 10.2 Fighting
 + Level 10.0 Dodging
 + Level 11.9 Unarmed Combat


You had 7 spell levels left.
You didn't know any spells.
Your spell library was empty.

Dungeon Overview and Level Annotations

Branches:
Dungeon (1/1)

Altars:
Cheibriados
Dithmenos
Elyvilon
Fedhas
Gozag
Hepliaklqana
Kikubaaqudgha
Makhleb
Nemelex Xobeh
Okawaru
Qazlal
Ru
Sif Muna
Trog
Uskayaw
Vehumet
Wu Jian
Xom
Yredelemnul
Zin
The Shining One
Jiyva
Lugonu

Annotations:
D Erolcha


Innate Abilities, Weirdness & Mutations

You are too large for most types of armour.
You have claws for hands.
Your natural rate of healing is unusually fast.
You are covered in fur. (AC +1)
You have tough skin. (AC +1)
Your mind is acute. (Int +4, Str/Dex -1)
Your muscles are strong. (Str +4, Int/Dex -1)


Message History

Your Fighting skill increases to level 10!
Your Dodging skill increases to level 10!
No target in view!
No target in view!
No target in view!
No target in view!
No target in view!
No target in view!
Things that are here:
a +0 giant club; a +0 giant club Erolcha the Cunning comes into view.
She is wielding a +0 giant spiked club.
Erolcha shouts!
Erolcha mumbles some strange words.
Erolcha flickers and vanishes!
Deactivating autopickup; reactivate with Ctrl-A.
A two-headed ogre comes into view. It is wielding two +0 giant clubs.
You start waiting.
You hear some strange, mumbled words.
Something tries to affect you, but you resist.
You mangle something!! You claw something!
You hear two shouts!
You hear some strange, mumbled words.
You closely miss something. You scratch the two-headed ogre.
The two-headed ogre is lightly wounded.
You barely miss the two-headed ogre.
The two-headed ogre is lightly wounded.
Something hits you!!!
The two-headed ogre hits you with a +0 giant club.
The two-headed ogre misses you.
You mangle the two-headed ogre!!
The two-headed ogre is moderately wounded.
Something hits you! The two-headed ogre closely misses you.
The two-headed ogre hits you with a +0 giant club!
You claw the two-headed ogre!
The two-headed ogre is heavily wounded.
You claw the two-headed ogre!
The two-headed ogre is severely wounded.
The two-headed ogre hits you with a +0 giant club!
The two-headed ogre barely misses you. Something hits you!!
You die...

#### #__# #._# #)##
...# ...# ##'#
...#+##############
...#....#.#.#...@.#
...##.#).#.##)###O#
...'##)#.#.##.# .##
...#...#..#..##O{
▓▓▓▓▓▓▓▓▓▓▓▓▓▓▓▓▓


You could see a two-headed ogre.

Vanquished Creatures
  A deep elf pyromancer (D)
  A shadow (D)
  A spatial vortex (D)
  4 two-headed ogres (D)
  A necrophage (D)
  A scorpion (D)
  A water elemental (D)
  A jelly (D)
  Jessica (D)
  A wizard (D)
  A necromancer (D)
  3 humans (D)
  A kobold demonologist (D)
  3 rats (D)
21 creatures vanquished.

Notes
Turn   | Place    | Note
-------+----------+-------------------------------------------
     0 | D        | sircluck the Troll Berserker began the quest for the Orb.
     0 | D        | Reached XP level 1. HP: 22/22 MP: 0/0
     9 | D        | Noticed Jessica
    10 | D        | Reached ** piety under Trog
    13 | D        | Killed Jessica
    14 | D        | Reached skill level 4 in Unarmed Combat
    14 | D        | Reached XP level 2. HP: 32/32 MP: 1/1
    41 | D        | Reached XP level 3. HP: 38/39 MP: 2/2
    43 | D        | Noticed a scorpion
    47 | D        | Killed a scorpion
    47 | D        | Reached *** piety under Trog
    48 | D        | Reached skill level 5 in Fighting
    48 | D        | Reached skill level 6 in Unarmed Combat
    48 | D        | Reached XP level 4. HP: 50/50 MP: 3/3
    66 | D        | Gained mutation: You are dopey. (Int -2) [potion of
                  | mutation]
    67 | D        | Lost mutation: You are dopey. (Int -2) [potion of mutation]
    67 | D        | Gained mutation: Your mind is acute. (Int +4, Str/Dex -1)
                  | [potion of mutation]
    67 | D        | Gained mutation: Your muscles are strong. (Str +4, Int/Dex
                  | -1) [potion of mutation]
    81 | D        | Noticed a water elemental
    88 | D        | Killed a water elemental
    89 | D        | Reached skill level 5 in Dodging
    89 | D        | Reached XP level 5. HP: 30/58 MP: 4/4
   117 | D        | Found a glowing silver altar of Zin.
   117 | D        | Found a glowing golden altar of the Shining One.
   117 | D        | Found a white marble altar of Elyvilon.
   117 | D        | Noticed a deep elf pyromancer
   122 | D        | Killed a deep elf pyromancer
   123 | D        | Reached skill level 9 in Unarmed Combat
   123 | D        | Reached XP level 6. HP: 58/72 MP: 5/5
   123 | D        | Reached XP level 7. HP: 65/80 MP: 6/6
   143 | D        | Found a hide-covered altar of Uskayaw.
   143 | D        | Found an iron altar of Okawaru.
   143 | D        | Found a bloodstained altar of Trog.
   143 | D        | Found an ornate altar of the Wu Jian Council.
   143 | D        | Noticed a human
   143 | D        | Noticed a human
   150 | D        | Killed a human
   150 | D        | Reached **** piety under Trog
   151 | D        | Reached skill level 10 in Unarmed Combat
   156 | D        | Killed a human
   195 | D        | Found a radiant altar of Vehumet.
   195 | D        | Found a shimmering blue altar of Sif Muna.
   195 | D        | Found an ancient bone altar of Kikubaaqudgha.
   204 | D        | Noticed a neqoxec
   208 | D        | Reached ***** piety under Trog
   244 | D        | Found a basalt altar of Yredelemnul.
   244 | D        | Found a shadowy altar of Dithmenos.
   244 | D        | Found a sacrificial altar of Ru.
   254 | D        | Reached XP level 8. HP: 82/92 MP: 7/7
   275 | D        | Reached skill level 11 in Unarmed Combat
   281 | D        | Found a blossoming altar of Fedhas.
   281 | D        | Found a stormy altar of Qazlal.
   281 | D        | Found a snail-covered altar of Cheibriados.
   281 | D        | Found a burning altar of Makhleb.
   281 | D        | Found a shimmering altar of Xom.
   282 | D        | Found a hazy altar of Hepliaklqana.
   282 | D        | Found an opulent altar of Gozag.
   282 | D        | Found a sparkling altar of Nemelex Xobeh.
   282 | D        | Found a corrupted altar of Lugonu.
   282 | D        | Found a viscous altar of Jiyva.
   311 | D        | Received a gift from Trog
   377 | D        | Noticed a two-headed ogre
   381 | D        | Killed a two-headed ogre
   382 | D        | Reached skill level 10 in Fighting
   382 | D        | Reached skill level 10 in Dodging
   421 | D        | Noticed Erolcha
   421 | D        | Noticed a two-headed ogre
   431 | D        | Mangled by Erolcha

Illustrated notes

Levels and vault maps discovered:
D:        dungeon_sprint_mu [sprint_mu_entry_forest, sprint_mu_temple_rooms,
          sprint_mu_d1_spiders, sprint_mu_d2_genie, sprint_mu_d3_branching,
          sprint_mu_orc_legion, sprint_mu_elf_gauntlet, sprint_mu_hive_nellie,
          sprint_mu_lair_fedhas, sprint_mu_vaults_butterflies,
          sprint_mu_slime_circle, sprint_mu_swamp_cave, sprint_mu_snake_twists,
          sprint_mu_blade_basic, sprint_mu_crypt_lich, sprint_mu_tomb_spiral,
          sprint_mu_vestibule_basic, sprint_mu_gehenna_hellfire,
          sprint_mu_dis_giant, sprint_mu_tartarus_statrot,
          sprint_mu_cocytus_islands, sprint_mu_zot1]

Skill      XL: |  1  2  3  4  5  6  7  8 |
---------------+-------------------------+-----
Fighting       | 3 4 5 8 9 10 | 10.2
Dodging        | 3 4 5 8 10 | 10.0
Unarmed Combat | 4 6 9 10 11 | 11.9

Action                     |  1- 3 |  4- 6 |  7- 9 || total
---------------------------+-------+-------+-------++-------
  Melee: Unarmed           |    15 |    10 |    58 ||    83
         Punch             |       |       |     5 ||     5
    Use: Potion            |       |     2 |       ||     2
 Armour: Animal skin       |     5 |     5 |    31 ||    41
  Dodge: Dodged            |     5 |     3 |    20 ||    28

Table legend: (Time is in decaauts)
 A = Elapsed time spent in this place.
 B = Non-inter-level travel time spent in this place.
 C = Inter-level travel time spent in this place.
 D = Time resting spent in this place.
 E = Time spent auto-exploring this place.
 F = Levels seen in this place.
 G = Mean time per level.
                   A        B        C        D        E       F      G
               +--------+--------+--------+--------+--------+-----+--------+
         Total |    417 |    417 |      0 |     24 |    259 |   1 |  417.0 |
       Dungeon |    417 |    417 |      0 |     24 |    259 |   1 |  417.0 |
               +--------+--------+--------+--------+--------+-----+--------+

Top non-repeatable levels by time:
       D: 417 daAuts
